 Dungeon Crawl Stone Soup version 0.28.0 (webtiles) character file.

Game seed: 514759275599835203

1474 Ablot the Grasshopper (level 8, -3/61 (64) HPs)
             Began as a Gnoll Warper on Feb 17, 2022.
             Was a Follower of Okawaru.
             Slain by a wight (20 damage)
             ... on level 6 of the Dungeon.
             The game lasted 00:14:32 (8415 turns).

Ablot the Grasshopper (Gnoll Warper)                Turns: 8415, Time: 00:14:33

HP:   -3/61 (64)    AC:  5    Str: 12    XL:     8   Next: 78%
MP:   26/26         EV: 13    Int: 17    God:    Okawaru [*.....]
Gold: 233           SH:  0    Dex: 12    Spells: 17/19 levels left

rFire   . . .      SeeInvis .   x - +6 long sword "Ygizxoomm" {freeze, Int+4}
rCold   . . .      Faith    .   (no shield)
rNeg    . . .      Spirit   .   b - +0 leather armour
rPois   .          Reflect  .   B - +1 helmet
rElec   .          Harm     .   (no cloak)
rCorr   .          Rampage  .   (no gloves)
Will    .....                   (no boots)
Stlth   ++........              (no amulet)
HPRegen 0.20/turn               t - ring of magical power
MPRegen 0.20/turn               (no ring)

@: lightly drained
A: fangs 1, strong nose, distributed training
a: Renounce Religion, Heroism


You were on level 6 of the Dungeon.
You worshipped Okawaru.
Okawaru was aware of your devotion.
You visited 2 branches of the dungeon, and saw 7 of its levels.

You collected 233 gold pieces.

Inventory:

Hand Weapons
 a - a +0 spear
 x - the +6 long sword "Ygizxoomm" (weapon) {freeze, Int+4}
   (You took it off an orc on level 4 of the Dungeon)

   It freezes those it strikes, dealing additional cold damage.
   It can also slow down cold-blooded creatures.
   Int:       It affects your intelligence (+4).
Missiles
 d - 5 boomerangs of dispersal
 f - 21 poisoned darts (quivered)
 h - 20 arrows
 k - 28 sling bullets
 l - 156 stones
 m - 4 boomerangs
 q - 105 bolts
Armour
 b - a +0 leather armour (worn)
 B - a +1 helmet (worn)
Magical Staves
 n - a staff of death
Jewellery
 t - a ring of magical power (left hand)
 v - a ring of poison resistance
Wands
 r - a wand of acid (8)
Scrolls
 c - a scroll of blinking
 s - a scroll of amnesia {unknown}
 u - a scroll of teleportation {unknown}
 y - a scroll of fog {unknown}
 C - a scroll of magic mapping {unknown}
Potions
 e - a potion of heal wounds
 g - a potion of lignification {unknown}
 i - a potion of brilliance
 j - a potion of magic {unknown}
 o - 4 potions of curing
 p - a potion of haste {unknown}
 w - a potion of attraction {unknown}
 z - 2 potions of mutation
 A - a potion of cancellation {unknown}


   Skills:
 + Level 5.9 Fighting
 + Level 3.5 Short Blades
 + Level 3.5 Long Blades
 + Level 3.5 Axes
 + Level 3.5 Maces & Flails
 + Level 5.9 Polearms
 + Level 3.5 Staves
 + Level 3.5 Slings
 + Level 3.5 Bows
 + Level 3.5 Crossbows
 + Level 4.4 Throwing
 + Level 4.4 Armour
 + Level 5.9 Dodging
 + Level 3.5 Stealth
 + Level 3.5 Shields
 + Level 3.5 Unarmed Combat
 + Level 6.2 Spellcasting
 + Level 2.9 Conjurations
 + Level 2.9 Hexes
 + Level 2.9 Summonings
 + Level 2.9 Necromancy
 + Level 6.2 Translocations
 + Level 2.9 Transmutations
 + Level 2.9 Fire Magic
 + Level 2.9 Ice Magic
 + Level 2.9 Air Magic
 + Level 2.9 Earth Magic
 + Level 2.9 Poison Magic
 + Level 3.9 Invocations
 + Level 3.5 Evocations


You had 17 spell levels left.
You knew the following spells:

 Your Spells              Type           Power      Damage    Failure   Level
a - Blink                 Tloc           52%        N/A       1%          2

Your spell library contained the following spells:

 Spells                   Type           Power      Damage    Failure   Level
 Gell's Gravitas          Tloc           26%        N/A       3%          3
 Lesser Beckoning         Tloc           26%        N/A       3%          3
 Teleport Other           Tloc           26%        N/A       3%          3
 Magic Dart               Conj           60%        1d6       4%          1
 Mephitic Cloud           Conj/Pois/Air  15%        N/A       14%         3
 Manifold Assault         Tloc           26%        N/A       34%         5
 Summon Small Mammal      Summ           Unusable   N/A       N/A         1
 Call Imp                 Summ           Unusable   N/A       N/A         2
 Call Canine Familiar     Summ           Unusable   N/A       N/A         3
 Summon Guardian Golem    Hex/Summ       Unusable   N/A       N/A         3

Dungeon Overview and Level Annotations

Branches:
Dungeon (6/15)             Temple (1/1) D:4

Altars:
Elyvilon
Fedhas
Gozag
Hepliaklqana
Kikubaaqudgha
Okawaru
Qazlal
Ru
Sif Muna
Trog
Uskayaw
Vehumet
Wu Jian
Xom

Annotations:
D:3 2 transporters, Findor's ghost, amateur KoAE
D:5 3 runed translucent doors, exclusion: 3 doors, AlterAsc's ghost, novice DjTm


Innate Abilities, Weirdness & Mutations

You have very sharp teeth.
Your uncanny sense of smell can sniff out nearby items.
Your experience applies equally to all skills.


Message History

The wight hits you with a +0 great sword.
You feel drained. The wight hits you with a +0 dagger.
You feel drained.
Unknown command.
The ufetubus hits you. x2
The ufetubus hits you but does no damage.
The ufetubus barely misses you.
The wight falls through a shaft!
The shaft crumbles and collapses.
There is a stone staircase leading down here.
The ufetubus closely misses you.
The ufetubus hits you but does no damage.
The steam dragon breathes steam at you. The ball of steam hits you!
The wight is engulfed in a cloud of scalding steam.
The ufetubus barely misses you. The ufetubus hits you.
The wight is engulfed in a cloud of scalding steam.
The wight is engulfed in a cloud of scalding steam.
The wight is destroyed!
You miss the ufetubus.
You bite the ufetubus, but do no damage.
The ufetubus hits you but does no damage.
The ufetubus hits you. The ufetubus closely misses you. x2
You hit the ufetubus. Your bite misses the ufetubus.
The ufetubus is lightly wounded.
The ufetubus closely misses you. x2; The ufetubus misses you.
The ufetubus hits you.
You slash the ufetubus! You freeze the ufetubus.
You kill the ufetubus!
Okawaru accepts your kill. The wight hits you with a +0 dagger.
Unknown command.
You hit the wight.
The wight is moderately damaged.
The wight closely misses you. The wight hits you with a +0 dagger.
* * * LOW HITPOINT WARNING * * *
You feel drained.
* * * LOW HITPOINT WARNING * * *
You slash the wight! Your bite misses the wight.
The wight is almost destroyed.
The wight hits you from afar with a +5 halberd of freezing!!
You die...

..........§....#
∆ #
.#####.....§...#
#
∆########..§.[†#
#
#..........§..#
#
#.........§§)D#
# ∆
#..........##z#
#
#..........##z#
#
#..........##z#
#
#..........##@#
#
#############.#
# #.# ########
#.# #....... #.#
#.###### #.# #.#
#.# #.#
#.#########.#
#.........#.#


You could see a steam dragon and 3 wights.

Vanquished Creatures
  Grinder (D:4)
  An ice beast (D:5)
  A necrophage (D:5)
  4 ogres
  A phantom (D:5)
  2 kobold brigands (D:5)
  A howler monkey (D:4)
  A centaur zombie (D:5)
  A bullfrog zombie (D:5)
  A hound (D:3)
  A jelly (D:6)
  A centaur skeleton (D:6)
  2 iguanas
  Jessica (D:3)
  A hound skeleton (D:4)
  Robin (D:2)
  A howler monkey zombie (D:6)
  8 adders
  5 gnolls
  2 white imps
  2 ufetubi
  An adder skeleton (D:4)
  3 worms (D:3)
  2 dart slugs
  3 orcs
  A bat (D:2)
  5 endoplasms
  A giant cockroach (D:2)
  15 goblins
  11 hobgoblins
  2 jackals
  31 kobolds
  4 quokkas
  5 ball pythons
  2 frilled lizards
  9 rats
134 creatures vanquished.

Vanquished Creatures (others)
  A wight (D:6)
  65 plants
66 creatures vanquished.

Grand Total: 200 creatures vanquished

Notes
Turn   | Place    | Note
-------+----------+-------------------------------------------
     0 | D:1      | Ablot the Gnoll Warper began the quest for the Orb.
     0 | D:1      | Reached XP level 1. HP: 20/20 MP: 6/6
    40 | D:1      | Reached XP level 2. HP: 22/26 MP: 7/7
    43 | D:1      | Learned a level 2 spell: Blink
   752 | D:1      | Found a faded altar of an unknown god.
   825 | D:1      | Reached XP level 3. HP: 31/31 MP: 9/9
  1071 | D:1      | Reached skill level 5 in Spellcasting
  1499 | D:2      | Reached skill level 1 in Invocations
  1852 | D:2      | Reached skill level 1 in Short Blades
  1852 | D:2      | Reached skill level 1 in Long Blades
  1852 | D:2      | Reached skill level 1 in Axes
  1852 | D:2      | Reached skill level 1 in Maces & Flails
  1852 | D:2      | Reached skill level 1 in Staves
  1852 | D:2      | Reached skill level 1 in Slings
  1852 | D:2      | Reached skill level 1 in Bows
  1852 | D:2      | Reached skill level 1 in Crossbows
  1852 | D:2      | Reached skill level 1 in Stealth
  1852 | D:2      | Reached skill level 1 in Shields
  1852 | D:2      | Reached skill level 1 in Unarmed Combat
  1852 | D:2      | Reached skill level 1 in Evocations
  1955 | D:2      | Reached XP level 4. HP: 38/38 MP: 11/11
  2702 | D:3      | Reached skill level 1 in Conjurations
  2702 | D:3      | Reached skill level 1 in Hexes
  2702 | D:3      | Reached skill level 1 in Summonings
  2702 | D:3      | Reached skill level 1 in Necromancy
  2702 | D:3      | Reached skill level 1 in Transmutations
  2702 | D:3      | Reached skill level 1 in Fire Magic
  2702 | D:3      | Reached skill level 1 in Ice Magic
  2702 | D:3      | Reached skill level 1 in Air Magic
  2702 | D:3      | Reached skill level 1 in Earth Magic
  2702 | D:3      | Reached skill level 1 in Poison Magic
  2917 | D:3      | Found a transporter.
  2989 | D:3      | Noticed Jessica
  3002 | D:3      | Killed Jessica
  3003 | D:3      | Reached XP level 5. HP: 36/43 MP: 12/12
  3828 | D:3      | Noticed Robin
  4118 | D:2      | Killed Robin
  4419 | D:3      | Found a transporter.
  4423 | D:3      | Noticed Findor's ghost (amateur KoAE)
  4602 | D:4      | Noticed Grinder
  4742 | D:4      | Reached XP level 6. HP: 50/50 MP: 13/13
  4782 | D:4      | Identified the +6 long sword "Ygizxoomm" {freeze, Int+4}
  5120 | D:4      | Reached skill level 5 in Fighting
  5120 | D:4      | Reached skill level 5 in Polearms
  5120 | D:4      | Reached skill level 5 in Dodging
  5342 | D:4      | Paralysed by Grinder for 2 turns
  5361 | D:4      | Paralysed by Grinder for 3 turns
  5368 | D:4      | Killed Grinder
  5369 | D:4      | Reached XP level 7. HP: 37/56 MP: 15/15
  5927 | D:4      | Found a staircase to the Ecumenical Temple.
  6050 | Temple   | Entered the Ecumenical Temple
  6164 | Temple   | Became a worshipper of Warmaster Okawaru
  6296 | D:5      | Entered Level 5 of the Dungeon
  6380 | D:5      | Found a shimmering blue altar of Sif Muna.
  6380 | D:5      | Found an ancient bone altar of Kikubaaqudgha.
  6388 | D:5      | Found an ornate altar of the Wu Jian Council.
  6390 | D:5      | Found a sacrificial altar of Ru.
  6392 | D:5      | Found an opulent altar of Gozag.
  6524 | D:5      | Found a runed translucent gate.
  6524 | D:5      | Found a runed translucent gate.
  6524 | D:5      | Found a runed translucent gate.
  6530 | D:5      | Noticed AlterAsc's ghost (novice DjTm)
  6899 | D:5      | Reached XP level 8. HP: 34/63 MP: 16/16
  7044 | D:5      | Reached * piety under Okawaru
  8415 | D:6      | Slain by a wight

Illustrated notes

Levels and vault maps discovered:
D:1:      eino_arrival_cavern_b, layout_loops_ring,
          hellmonk_ecumenical_altar_run_dry, chequers_serial_rivers_micro_a,
          minivault_14, minmay_pentomino_s4
D:2:      layout_loops_ring, chequers_serial_rivers_micro_c
D:3:      layout_basic, gammafunk_ghost_gnarly_gnolls, uniq_robin, uniq_jessica
D:4:      layout_basic, minmay_temple_entry_poolview, kennysheep_nondescript,
          chequers_serial_rivers_large_a, hangedman_decor_growths, uniq_grinder
D:5:      kennysheep_kobold_camp, layout_basic,
          chequers_temple_overflow_minitemple, gammafunk_ghost_necromancy,
          grunt_ministairs_13
D:6:      layout_basic, lightli_sewer_entry_pipes, gammafunk_ghost_cemetery
Temple:   nicolae_temple_figure_zero

Skill      XL: |  1  2  3  4  5  6  7  8 |
---------------+-------------------------+-----
Spellcasting   | 5 6 |  6.2
Invocations    | 1 2 3 |  3.9
Short Blades   | 1 2 3 |  3.5
Long Blades    | 1 2 3 |  3.5
Axes           | 1 2 3 |  3.5
Maces & Flails | 1 2 3 |  3.5
Staves         | 1 2 3 |  3.5
Slings         | 1 2 3 |  3.5
Bows           | 1 2 3 |  3.5
Crossbows      | 1 2 3 |  3.5
Stealth        | 1 2 3 |  3.5
Shields        | 1 2 3 |  3.5
Unarmed Combat | 1 2 3 |  3.5
Evocations     | 1 2 3 |  3.5
Conjurations   | 1 2 |  2.9
Hexes          | 1 2 |  2.9
Summonings     | 1 2 |  2.9
Necromancy     | 1 2 |  2.9
Transmutations | 1 2 |  2.9
Fire Magic     | 1 2 |  2.9
Ice Magic      | 1 2 |  2.9
Air Magic      | 1 2 |  2.9
Earth Magic    | 1 2 |  2.9
Poison Magic   | 1 2 |  2.9
Throwing       | 3 4 |  4.4
Armour         | 3 4 |  4.4
Fighting       | 5 |  5.9
Polearms       | 5 |  5.9
Dodging        | 5 |  5.9
Translocations | 6 |  6.2

Action                   |  1- 3 |  4- 6 |  7- 9 || total
-------------------------+-------+-------+-------++-------
Melee: Spear             |   123 |   250 |       ||   373
       Bite              |     4 |    37 |    13 ||    54
       Punch             |     1 |     3 |     7 ||    11
       Long sword        |       |    10 |   154 ||   164
Throw: Dart              |       |    10 |     1 ||    11
  Use: Scroll            |       |       |     5 ||     5
 Stab: Sleeping          |     2 |     3 |     1 ||     6
       Distracted        |     1 |       |     1 ||     2
Armor: Leather armour    |    12 |    38 |    46 ||    96
Dodge: Dodged            |    42 |   124 |   135 ||   301
